cohdb
Replays
Latest Replays
All Replays
Popular Replays
Top Player Replays
Match Explorer
How It Works
Community
CoH3 Stats
Reddit
Sign in to upload your games and track your stats! →
Sign in with Steam
Match 45546495
Unlisted
Match 45546495
Overview
Messages
Build Orders
End
Kradschützen Motorcycle Team
Selects Panzerjäger Kommand Battlegroup
Selects Mine Fields
Panzergrenadier Squad
250 Light Carrier
Panzergrenadier Squad
Construct Light Support Kompanie
Construct Mechanized Kompanie
Selects GrB 39 Grenade Launcher Requisition
Panzergrenadier Squad
8 Rad Armored Car
Panzerjäger Mechanized Group
Vehicle Survival Package
Support Armor Elements
Selects Defensive Positions
Selects Butterfly Bomb Drop
StuG III D Assault Gun
2.5-tonne Medical Truck
Selects Crew Shock Tactics
Pak 38 Mechanized Group
StuG III D Assault Gun
Butterfly Bomb Drop
Construct Panzerarmee Kommand
Combat Half-tracks
Veteran Squad Leaders
Armored Reserves
Assault Mechanized Group
Selects Anti-tank Overwatch
Makros
PAX AJAX
0
0
Comments
sign in to comment!
No comments posted yet!